 Dungeon Crawl Stone Soup version 0.23.2-33-g5129a83184 (webtiles) character file.

Game seed: 5323060518911031511

1698 Aesthetico the Fighter (level 8, -1/75 HPs)
             Began as a Green Draconian Wizard on July 18, 2019.
             Was a Believer of Sif Muna.
             Slain by a hornet zombie (8 damage)
             ... on level 7 of the Dungeon.
             The game lasted 00:15:20 (5421 turns).

Aesthetico the Fighter (Green Draconian Wizard)     Turns: 5421, Time: 00:15:21

Health: -1/75      AC:  7    Str:  9    XL:     8   Next: 72%
Magic:  10/12      EV: 16    Int: 20    God:    Sif Muna [**....]
Gold:   294        SH:  0    Dex: 11    Spells: 7/13 levels left

rFire    + . .     SeeInvis +   t - +2 hand axe (venom)
rCold    + . .     Gourm    .   (no shield)
rNeg     . . .     Faith    .   (armour unavailable)
rPois    +         Spirit   .   a - +0 hat
rElec    +         Reflect  .   (no cloak)
rCorr    +         Harm     .   p - +0 pair of gloves
MR       +....                  (no boots)
Stlth    +.........             i - amulet of the acrobat
HPRegen  0.22/turn              g - +4 ring of evasion
MPRegen  0.13/turn              j - ring of see invisible

@: resistant, very slightly contaminated, heavily drained, invisible
A: breathe noxious fumes, unfitting armour, stinger 1, deterioration 1, magic
resistance 1, poison resistance, cold-blooded, AC +6
a: Breathe Noxious Fumes, Divine Energy, Renounce Religion


You were on level 7 of the Dungeon.
You worshipped Sif Muna.
Sif Muna was pleased with you.
You were not hungry.

You visited 1 branch of the dungeon, and saw 8 of its levels.

You collected 294 gold pieces.

Inventory:

Hand Weapons
 b - a +1 dagger
 n - a +2 dagger of protection
 o - a +1 great sword of slicing
 t - a +2 hand axe of venom (weapon)
Armour
 a - a +0 hat (worn)
 p - a +0 pair of gloves (worn)
Jewellery
 g - a +4 ring of evasion (left hand)
 i - an amulet of the acrobat (around neck)
 j - a ring of see invisible (right hand)
 w - an uncursed ring of flight {unknown}
 z - a cursed ring of magical power {unknown}
Wands
 e - a wand of acid (11)
 y - a wand of iceblast (19)
 C - a wand of enslavement (12)
Scrolls
 d - 3 scrolls of enchant weapon
 f - 2 scrolls of remove curse
 h - a scroll of fear {unknown}
 k - 4 scrolls of identify
 l - 2 scrolls of amnesia
 m - a scroll of enchant armour {unknown}
Potions
 q - a potion of lignification {unknown}
 r - a potion of haste {unknown}
 u - a potion of invisibility
 v - 2 potions of agility {unknown}
 x - 2 potions of flight {unknown}
Comestibles
 c - 5 rations


   Skills:
 - Level 8.6(7.0) Fighting
 + Level 2.9(1.7) Dodging
 - Level 1.7(0.5) Stealth
 - Level 3.0(1.7) Spellcasting
 - Level 7.4(6.0) Conjurations
   Level 1.0(0.0) Summonings
 - Level 1.0(0.0) Translocations


You had 7 spell levels left.
You knew the following spells:

 Your Spells              Type           Power        Failure   Level  Hunger
a - Magic Dart            Conj           ####         1%          1    #......
b - Mephitic Cloud        Conj/Pois/Air  #.......     22%         3    ###....
c - Blink                 Tloc           N/A          24%         2    ###....

Your spell library contained the following spells:

 Spells                   Type           Power        Failure   Level  Hunger
 Conjure Flame            Conj/Fire      ##......     14%         3    ###....
 Call Imp                 Summ           #.......     24%         2    ###....
 Slow                     Hex            #.......     24%         2    ###....


Dungeon Overview and Level Annotations

Branches:
Dungeon (8/15)
 Temple: D:4-7         Lair: D:8-11

Altars:
Ashenzari
Cheibriados
Dithmenos
Elyvilon
Fedhas
Hepliaklqana
Kikubaaqudgha
Nemelex Xobeh
Qazlal
Sif Muna
Xom
Yredelemnul

Annotations:
D:3 Grinder
D:4 1 runed translucent door, Descartes's ghost, amateur FoFi


Innate Abilities, Weirdness & Mutations

You can breathe blasts of noxious fumes.
Your lurid green scales are hard. (AC +6)
You cannot fit into any form of body armour.
Your system is resistant to poisons. (rPois)
You are cold-blooded and may be slowed by cold attacks.
Your tail ends in a poisonous barb.
Your body sometimes deteriorates upon taking damage.
You are resistant to hostile enchantments. (MR+)


Message History

Sif Muna accepts your kill.
You hit the big kobold.
The big kobold looks as sick as possible!
You hit the hornet zombie but do no damage.
The hornet zombie misses you.
The kobold shoots a poisoned needle.
The poisoned needle barely misses the big kobold.
The poisoned needle misses you.
The poisoned needle hits the hornet zombie!
The hornet zombie misses you. The big kobold closely misses you.
The wight hits you but does no damage.
You closely miss the wight.
The wight is severely damaged.
You strike the helpless kobold from behind!
You hit the kobold. You closely miss the big kobold.
You closely miss the hornet zombie.
You kill the big kobold!
Sif Muna accepts your kill. The hornet zombie barely misses you.
The kobold closely misses you. The hornet zombie hits you!
You die...

##.............[..)..........
#...........................
#..........#.#......###....#
############....#.#.# #$.#..
##.....#.###...z.
##o#..S#.........
##oo##..#####..... #Zz##.....
#..... #@##..#...........
#nK......#........
..................
..K................
........... .....
............ .............
..............


You could see a necrophage, a wight, 3 orcs, a hornet zombie and 2 kobolds.

Vanquished Creatures
  A hungry ghost (D:8)
  A sky beast (D:6)
  An ogre (D:8)
  A centaur (D:8)
  A big kobold (D:7)
  2 bullfrogs
  6 killer bees (D:7)
  3 wights (D:7)
  2 crimson imps
  3 hounds
  2 orc priests (D:4)
  A centaur skeleton (D:4)
  2 bullfrog skeletons (D:4)
  3 orc wizards
  6 worker ants
  A killer bee zombie (D:8)
  2 worker ant zombies
  8 adders
  2 shadow imps (D:8)
  An ooze (D:1)
  An adder zombie (D:5)
  A worm (D:4)
  5 dart slugs
  2 leopard geckos
  14 orcs
  5 giant cockroaches
  3 hobgoblins
  2 jackals (D:6)
  9 kobolds
  2 quokkas
  3 bats
  2 frilled lizards (D:2)
  4 goblins
  A quokka skeleton (D:8)
  4 rats
107 creatures vanquished.

Notes
Turn   | Place    | Note
-------+----------+-------------------------------------------
     0 | D:1      | Aesthetico the Draconian Wizard began the quest for the
                  | Orb.
     0 | D:1      | Reached XP level 1. HP: 14/14 MP: 4/4
   214 | D:1      | Reached XP level 2. HP: 15/20 MP: 1/6
   692 | D:1      | Gained mutation: Your body sometimes deteriorates upon
                  | taking damage. [potion of mutation]
   692 | D:1      | Gained mutation: Your tail ends in a poisonous barb.
                  | [potion of mutation]
   692 | D:1      | Gained mutation: Your system is resistant to poisons.
                  | (rPois) [potion of mutation]
   692 | D:1      | Gained mutation: You are resistant to hostile enchantments.
                  | (MR+) [potion of mutation]
  1361 | D:2      | Reached XP level 3. HP: 23/26 MP: 7/7
  1570 | D:2      | Found a sparkling altar of Nemelex Xobeh.
  1580 | D:2      | Became a worshipper of Nemelex Xobeh the Trickster
  1582 | D:2      | Found a blossoming altar of Fedhas.
  1583 | D:2      | Found a hazy altar of Hepliaklqana.
  1583 | D:2      | Found a deep blue altar of Sif Muna.
  1583 | D:2      | Found an ancient bone altar of Kikubaaqudgha.
  1584 | D:2      | Found a shimmering altar of Xom.
  1586 | D:2      | Found a snail-covered altar of Cheibriados.
  1587 | D:2      | Found a stormy altar of Qazlal.
  1588 | D:2      | Found a shadowy altar of Dithmenos.
  1591 | D:2      | Fell from the grace of Nemelex Xobeh
  1591 | D:2      | Became a worshipper of Sif Muna the Loreminder
  1785 | D:3      | Noticed a +0 dagger
  1811 | D:3      | Reached XP level 4. HP: 9/33 MP: 0/8
  1944 | D:3      | Found a shattered altar of Ashenzari.
  1952 | D:3      | Noticed Grinder
  2094 | D:4      | Found a white marble altar of Elyvilon.
  2199 | D:4      | Reached skill level 5 in Conjurations
  2199 | D:4      | Reached XP level 5. HP: 29/38 MP: 9/9
  2547 | D:4      | Reached * piety under Sif Muna
  2547 | D:4      | Reached XP level 6. HP: 15/45 MP: 2/10
  3218 | D:4      | Found a basalt altar of Yredelemnul.
  3281 | D:4      | Found a runed translucent door.
  3285 | D:4      | Noticed Descartes's ghost (amateur FoFi)
  3329 | D:5      | Entered Level 5 of the Dungeon
  3402 | D:5      | Found a shimmering altar of Xom.
  3479 | D:5      | Your scales start taking on a lurid green colour.
  3479 | D:5      | Reached XP level 7. HP: 40/50 MP: 11/11
  3479 | D:5      | Mutation became permanent: Your system is resistant to
                  | poisons. (rPois) [Green Draconian growth]
  3479 | D:5      | Gained mutation: Your system is resistant to poisons.
                  | (rPois) [Green Draconian growth]
  3575 | D:6      | Reached skill level 2 in Fighting
  3687 | D:6      | Reached skill level 3 in Fighting
  4179 | D:7      | Reached skill level 4 in Fighting
  4193 | D:8      | Noticed a hungry ghost
  4213 | D:8      | Killed a hungry ghost
  4213 | D:8      | Reached skill level 5 in Fighting
  4223 | D:8      | Reached skill level 6 in Fighting
  4223 | D:8      | Reached XP level 8. HP: 20/70 MP: 1/12
  4236 | D:8      | Found a shimmering altar of Xom.
  4791 | D:8      | Reached skill level 7 in Fighting
  4995 | D:7      | Reached ** piety under Sif Muna
  5046 | D:7      | Reached skill level 8 in Fighting
  5350 | D:8      | Learned a level 3 spell: Mephitic Cloud
  5353 | D:8      | Learned a level 2 spell: Blink
  5421 | D:7      | Slain by a hornet zombie

Skill      XL: |  1  2  3  4  5  6  7  8 |
---------------+-------------------------+-----
Conjurations   | 2 3 4 5 6 7 |  7.4
Fighting       | 6 8 |  8.6
Dodging        | 2 |  2.9
Stealth        | |  1.7
Spellcasting   | |  3.0
Summonings     | |  1.0
Translocations | |  1.0

Action                   |  1- 3 |  4- 6 |  7- 9 || total
-------------------------+-------+-------+-------++-------
Melee: Dagger            |   135 |   108 |       ||   243
       Tailslap          |     8 |    15 |    12 ||    35
       Hand axe          |       |    61 |   156 ||   217
       Unarmed           |       |       |     2 ||     2
 Cast: Magic Dart        |    35 |    34 |    32 ||   101
       Mephitic Cloud    |       |       |     1 ||     1
 Abil: Breathe Noxious F |       |       |     3 ||     3
  Use: Scroll            |     4 |     2 |     3 ||     9
       Potion            |     3 |     7 |     5 ||    15
 Stab: Sleeping          |     3 |     2 |     1 ||     6
       Invisible         |       |       |     3 ||     3
  Eat: Chunk             |     3 |     8 |     9 ||    20
       Ration            |       |       |     2 ||     2
Armor: Skin              |    42 |    46 |    52 ||   140
Dodge: Dodged            |   112 |   151 |   262 ||   525
